Map: Jagannatha LE

Players

ForJumy - Winner!

  • Race: Protoss Protoss

Hellraiser

  • Race: Protoss Protoss

Event: DreamHack SC2 Masters 2021 Winter

VOD

Have the link to the VOD?

Description

Time

  • Played on: Oct. 9, 2021, 12:20 p.m.
  • Length: 12:03

All games in this series

Show
View Real Time Build Order
Export as new Build Order

ForJumy Protoss - Winner!

Build Orders: Phoenix Opening 

Get SALT Encoding   

  12  0:00  Probe  
  13  0:12  Probe  
  14  0:17  Pylon  
  14  0:24  Probe  
  15  0:35  Gateway  
  15  0:38  Probe (Chrono Boost)  
  16  0:47  Probe (Chrono Boost)  
  16  0:48  Assimilator  
  17  0:52  Probe  
  18  0:58  Assimilator  
  18  1:05  Probe  
  19  1:13  Gateway  
  19  1:17  Probe  
  20  1:24  Cybernetics Core  
  20  1:29  Probe (Chrono Boost)  
  21  1:37  Pylon  
  21  1:41  Probe (Chrono Boost)  
  22  1:49  Probe (Chrono Boost)  
  23  1:55  Probe  
  23  2:00  Stalker  
  26  2:06  Stalker  
  26  2:08  Warp Gate (Chrono Boost)  
  28  2:16  Pylon  
  28  2:20  Probe  
  29  2:40  Nexus  
  29  2:46  Pylon  
  28  2:51  Sentry  
  28  2:57  Probe  
  31  3:05  Sentry  
  33  3:09  Probe  
  34  3:21  Probe  
  34  3:23  Twilight Council  
  34  3:26  Phoenix  
  35  3:31  Pylon  
  35  3:33  Probe  
  36  3:45  Probe, Forge  
  37  3:48  Sentry  
  37  3:50  Stalker  
  41  3:55  Probe (Chrono Boost)  
  41  3:59  Probe (Chrono Boost)  
  41  4:02  Blink  
  43  4:07  Probe (Chrono Boost)  
  43  4:09  Probe (Chrono Boost)  
  45  4:12  Probe (Chrono Boost)  
  45  4:14  Probe (Chrono Boost)  
  47  4:22  Probe (Chrono Boost)  
  47  4:23  Protoss Ground Weapons Level 1 (Chrono Boost)  
  49  4:31  Probe (Chrono Boost)  
  49  4:33  Probe (Chrono Boost)  
  49  4:37  Nexus  
  50  4:39  Probe (Chrono Boost)  
  50  4:40  Probe (Chrono Boost)  
  52  4:46  Adept  
  52  4:47  Adept  
  52  4:51  Pylon  
  56  4:53  Probe  
  56  4:55  Probe  
  58  5:03  Pylon  
  58  5:10  Stalker x2  
  62  5:19  Gateway  
  62  5:21  Probe  
  62  5:22  Probe  
  62  5:24  Gateway  
  62  5:39  Stalker x2  
  62  5:40  Probe x2  
  66  5:49  Probe (Chrono Boost)  
  67  5:51  Nexus  
  67  5:52  Robotics Facility  
  67  5:54  Probe (Chrono Boost)  
  69  5:57  Probe (Chrono Boost)  
  69  6:01  Probe (Chrono Boost)  
  69  6:03  Probe (Chrono Boost)  
  71  6:06  Probe x2 (Chrono Boost)  
  71  6:08  Probe (Chrono Boost)  
  71  6:09  Stalker x2  
  78  6:15  Probe  
  78  6:16  Probe  
  78  6:17  Stalker  
  82  6:20  Probe (Chrono Boost), Charge  
  82  6:23  Stalker  
  85  6:28  Pylon  
  85  6:32  Probe (Chrono Boost)  
  88  6:33  Probe x2 (Chrono Boost)  
  88  6:36  Protoss Ground Weapons Level 2 (Chrono Boost)  
  88  6:37  Adept x2  
  93  6:42  Probe (Chrono Boost), Pylon  
  93  6:44  Probe (Chrono Boost)  
  93  6:46  Probe  
  95  6:47  Gateway x2  
  95  6:53  Probe  
  96  6:57  Observer  
  97  7:01  Pylon  
  97  7:06  Probe (Chrono Boost)  
  97  7:08  Assimilator, Probe (Chrono Boost)  
  100  7:09  Probe (Chrono Boost)  
  100  7:10  Assimilator  
  100  7:11  Gateway x2, Pylon  
  101  7:18  Probe x2 (Chrono Boost)  
  101  7:22  Probe (Chrono Boost)  
  104  7:23  Probe (Chrono Boost)  
  104  7:24  Probe (Chrono Boost)  
  104  7:26  Probe (Chrono Boost)  
  104  7:29  Adept x2  
  102  7:31  Stalker x2  
  102  7:33  Probe  
  102  7:34  Probe  
  102  7:35  Probe  
  109  7:38  Warp Prism  
  109  7:39  Gateway x2  
  109  7:41  Pylon  
  109  7:42  Pylon  
  109  7:43  Probe  
  112  7:45  Probe  
  113  7:51  Stalker x3  
  113  7:53  Probe  
  113  7:55  Shield Battery  
  113  7:58  Pylon  
  120  8:09  Probe  
  120  8:10  Zealot x5  
  131  8:15  Nexus  
  125  8:32  Pylon  
  125  8:33  Stalker x8  
  141  8:40  Warp Prism (Chrono Boost)  
  139  8:42  Stalker x2  
  139  8:44  Observer  
  139  8:47  Assimilator  
  139  8:48  Assimilator  
  145  8:49  Gateway  
  145  8:51  Dark Shrine  
  145  8:54  Gateway  
  145  8:58  Zealot  
  145  8:59  Protoss Ground Weapons Level 3 (Chrono Boost)  
  145  9:01  Stalker, Zealot x4  
  157  9:09  Zealot x4  
  165  9:20  Probe  
  165  9:21  Probe x2, Pylon  
  168  9:25  Zealot x2  
  172  9:35  Zealot x7  
  184  9:41  Pylon  
  178  10:00  Zealot x6  
  178  10:01  Zealot x4  
  178  10:04  Probe  
  185  10:11  Probe  
  172  10:17  Dark Templar x2  
  168  10:21  Dark Templar x5  
  168  10:22  Observer, Dark Templar x2  
  164  10:38  Assimilator  
  164  10:39  Assimilator  
  162  10:46  Zealot x4  
  150  11:01  Stalker x8  
  158  11:07  Warp Prism (Chrono Boost), Assimilator  
  158  11:09  Probe x2  
  162  11:13  Stalker x4  
  162  11:17  Archon  
  162  11:18  Archon  
  170  11:21  Gateway  
  170  11:24  Gateway, Pylon  
  170  11:26  Dark Templar x2  
  170  11:27  Dark Templar x2  
  170  11:28  Zealot x3  
  170  11:30  Archon  
  170  11:31  Archon  
  184  11:33  Zealot  
  186  11:50  Stalker x6  
  186  11:51  Stalker  
  192  11:57  Stalker x2  
Show
View Real Time Build Order
Export as new Build Order

Hellraiser Protoss 

Build Orders: Proxy Void Ray 

Get SALT Encoding   

  12  0:00  Probe  
  13  0:12  Probe  
  14  0:20  Pylon  
  14  0:24  Probe  
  15  0:38  Gateway, Probe (Chrono Boost)  
  16  0:48  Assimilator, Probe (Chrono Boost)  
  17  0:53  Probe (Chrono Boost)  
  18  1:04  Probe  
  18  1:09  Assimilator  
  18  1:11  Pylon  
  19  1:16  Probe  
  20  1:27  Cybernetics Core  
  20  1:28  Probe  
  20  1:32  Zealot  
  23  1:41  Probe (Chrono Boost)  
  24  1:53  Probe (Chrono Boost)  
  25  1:58  Probe (Chrono Boost)  
  26  2:05  Stalker  
  26  2:06  Warp Gate  
  26  2:07  Probe  
  29  2:18  Pylon  
  29  2:27  Stargate  
  29  2:43  Nexus  
  29  2:49  Shield Battery  
  29  2:52  Probe  
  30  3:04  Probe  
  31  3:08  Gateway  
  31  3:09  Void Ray (Chrono Boost)  
  36  3:20  Probe  
  36  3:30  Pylon  
  36  3:32  Probe  
  37  3:42  Void Ray  
  37  3:44  Probe  
  42  3:54  Shield Battery  
  42  3:56  Probe (Chrono Boost)  
  42  3:57  Probe (Chrono Boost)  
  42  4:03  Sentry  
  42  4:06  Probe (Chrono Boost)  
  42  4:07  Probe (Chrono Boost)  
  46  4:11  Probe (Chrono Boost)  
  46  4:12  Probe (Chrono Boost)  
  48  4:17  Robotics Facility  
  48  4:21  Void Ray, Phoenix  
  48  4:22  Probe  
  48  4:24  Probe  
  54  4:34  Probe  
  54  4:35  Pylon  
  54  4:36  Probe  
  56  4:42  Stalker  
  56  4:44  Assimilator  
  58  4:46  Probe  
  58  4:48  Assimilator  
  58  4:49  Probe  
  60  4:58  Probe  
  61  5:01  Probe  
  61  5:02  Pylon  
  61  5:11  Probe  
  61  5:13  Probe  
  63  5:14  Observer (Chrono Boost)  
  63  5:21  Nexus  
  64  5:23  Probe  
  64  5:25  Adept x2  
  64  5:27  Probe  
  69  5:35  Probe  
  67  5:37  Immortal (Chrono Boost)  
  67  5:39  Probe  
  67  5:42  Void Ray (Chrono Boost)  
  71  5:47  Probe  
  72  5:51  Probe  
  77  5:57  Pylon  
  77  6:00  Forge  
  77  6:03  Shield Battery  
  77  6:04  Probe  
  78  6:05  Pylon  
  78  6:08  Shield Battery  
  78  6:11  Shield Battery  
  78  6:17  Void Ray (Chrono Boost)  
  78  6:18  Stargate  
  78  6:29  Probe x2  
  84  6:33  Probe  
  84  6:37  Protoss Air Weapons Level 1  
  85  6:41  Probe x2  
  85  6:44  Void Ray (Chrono Boost)  
  85  6:45  Probe  
  88  6:53  Immortal (Chrono Boost), Probe  
  93  6:55  Assimilator  
  93  6:56  Probe  
  93  7:00  Probe  
  98  7:05  Probe  
  98  7:07  Assimilator  
  99  7:08  Probe  
  99  7:11  Pylon  
  99  7:12  Photon Cannon, Probe  
  99  7:15  Adept x2  
  105  7:17  Probe  
  105  7:18  Void Ray (Chrono Boost)  
  105  7:21  Probe  
  105  7:23  Void Ray (Chrono Boost)  
  105  7:24  Probe  
  105  7:29  Probe  
  107  7:38  Assimilator  
  107  7:39  Pylon  
  107  7:41  Probe x3  
  110  7:45  Adept  
  110  7:47  Void Ray (Chrono Boost)  
  110  7:49  Photon Cannon  
  111  7:53  Probe x2  
  117  8:02  Void Ray (Chrono Boost)  
  121  8:11  Fleet Beacon  
  121  8:13  Stargate  
  121  8:21  Pylon  
  121  8:22  Pylon  
  121  8:26  Pylon  
  117  8:34  Void Ray (Chrono Boost)  
  117  8:36  Void Ray (Chrono Boost)  
  117  8:39  Probe  
  126  8:42  Probe  
  127  8:58  Void Ray (Chrono Boost)  
  127  9:01  Flux Vanes  
  131  9:03  Nexus  
  131  9:07  Void Ray (Chrono Boost)  
  134  9:10  Void Ray (Chrono Boost)  
  138  9:25  Nexus  
  138  9:28  Probe  
  138  9:29  Observer  
  139  9:36  Pylon  
  139  9:37  Void Ray (Chrono Boost)  
  135  9:39  Nexus  
  141  9:53  Void Ray (Chrono Boost), Probe  
  132  10:01  Adept x2  
  119  10:16  Probe, Stargate  
  119  10:18  Probe x2  
  118  10:25  Void Ray (Chrono Boost)  
  118  10:26  Zealot x2  
  115  10:32  Immortal (Chrono Boost)  
  115  10:34  Cybernetics Core  
  116  10:38  Probe  
  116  10:40  Probe  
  111  11:06  Gateway  
  111  11:09  Gateway  
  111  11:12  Gateway  
  111  11:20  Pylon  
  111  11:22  Nexus  
  111  11:27  Photon Cannon  
  111  11:33  Photon Cannon  

Tags
 
Add a new tag
Caveats
  • Supply blocks, unpowered buildings, or Contaminate may cause inaccurate times.
  • Supply counts are checked every 10 seconds.